Workbook
Name __1NEW_PROJECT: #REF!
Name __1NEW_PROJECT: #REF!
Name __1NEW_PROJECT: #REF!
Name __1NEW_PROJECT: #REF!
Name __1NEW_PROJECT: #REF!
Name __1NEW_PROJECT: #REF!
Name __2P_PAY_CERTIFICA: #REF!
Name __2P_PAY_CERTIFICA: #REF!
Name __2P_PAY_CERTIFICA: #REF!
Name __2P_PAY_CERTIFICA: #REF!
Name __2P_PAY_CERTIFICA: #REF!
Name __3PRINT_ESCAL: #REF!
Name __3PRINT_ESCAL: #REF!
Name __3PRINT_ESCAL: #REF!
Name __3PRINT_ESCAL: #REF!
Name __3PRINT_ESCAL: #REF!
Name __4PRINT_PENALTIES: #REF!
Name __4PRINT_PENALTIES: #REF!
Name __4PRINT_PENALTIES: #REF!
Name __4PRINT_PENALTIES: #REF!
Name __4PRINT_PENALTIES: #REF!
Name __5PRINT_PROJECT_C: #REF!
Name __5PRINT_PROJECT_C: #REF!
Name __5PRINT_PROJECT_C: #REF!
Name __5PRINT_PROJECT_C: #REF!
Name __5PRINT_PROJECT_C: #REF!
Name __6PRINT_SPEC_SUBC: #REF!
Name __6PRINT_SPEC_SUBC: #REF!
Name __6PRINT_SPEC_SUBC: #REF!
Name __6PRINT_SPEC_SUBC: #REF!
Name __6PRINT_SPEC_SUBC: #REF!
Name __7SUM_FORMULAR: #REF!
Name __7SUM_FORMULAR: #REF!
Name __7SUM_FORMULAR: #REF!
Name __7SUM_FORMULAR: #REF!
Name __7SUM_FORMULAR: #REF!
Name _1NEW_PROJECT: #REF!
Name _1NEW_PROJECT: #REF!
Name _1NEW_PROJECT: #REF!
Name _1NEW_PROJECT: #REF!
Name _1NEW_PROJECT: #REF!
Name _2P_PAY_CERTIFICA: #REF!
Name _2P_PAY_CERTIFICA: #REF!
Name _2P_PAY_CERTIFICA: #REF!
Name _2P_PAY_CERTIFICA: #REF!
Name _2P_PAY_CERTIFICA: #REF!
Name _3PRINT_ESCAL: #REF!
Name _3PRINT_ESCAL: #REF!
Name _3PRINT_ESCAL: #REF!
Name _3PRINT_ESCAL: #REF!
Name _3PRINT_ESCAL: #REF!
Name _4PRINT_PENALTIES: #REF!
Name _4PRINT_PENALTIES: #REF!
Name _4PRINT_PENALTIES: #REF!
Name _4PRINT_PENALTIES: #REF!
Name _4PRINT_PENALTIES: #REF!
Name _5PRINT_PROJECT_C: #REF!
Name _5PRINT_PROJECT_C: #REF!
Name _5PRINT_PROJECT_C: #REF!
Name _5PRINT_PROJECT_C: #REF!

Sheet BOQ Cover Page
A13: RW10395951/21 ( R )
A16: WORK PACKAGE TWO (2) - MODIFY MAINTENANCE T&P STORE WORKS AREA 2 AT ZUIKERBOSCH PUMPING STATION
A22: BILL OF QUANTITIES

Sheet Schedule A - P&G
I1: RW10395951/21 ( R )
C2: WORK PACKAGE TWO (2) - MODIFY MAINTENANCE T&P STORE WORKS AREA 2 AT ZUIKERBOSCH PUMPING STATION
I4: Schedule A: P&G
A6: Item | B6: Payment | C6: Description | D6: Unit | E6: Qty | H6: Rate | I6: Amount
A7: No. | B7: Refers
B9: SABS 1200A | C9: PRELIMINARY & GENERAL
C10: FIXED CHARGES
C12: FIXED CHARGED ITEMS
A14: 1 | B14: 8.3.1 | C14: Contractual requirements | D14: SUM | E14: 1
A16: 2 | B16: 8.3.1 | C16: Surety or bank guarantee | D16: SUM | E16: 1
A18: 3 | B18: 8.3.1 | C18: Common law liability insurance | D18: SUM | E18: 1
A20: 4 | B20: 8.3.1 | C20: Third party insurance | D20: SUM | E20: 1
A22: 5 | B22: 8.3.1 | C22: Insurance of construction plant and equipment | D22: SUM | E22: 1
A24: 6 | B24: 8.3.1 | C24: Other (detail………………………………………………………………………) | D24: SUM | E24: 1
C26: ESTABLISH FACILITIES ON THE SITE FACILITIES FOR THE ENGINEER (SANS 1200AB)
A28: 7 | B28: 8.3.2.1 | C28: Engineer's offices and facilities | D28: SUM | E28: 1
A30: 8 | B30: 8.4.2.1 (d) | C30: Survey Instruments | D30: SUM | E30: 1
C32: SERVICES
A34: 9 | B34: 8.3.2.2 | C34: Services for offices and for cooking and ablution facilities on site for the Engineer's site staff | D34: SUM | E34: 1
A36: 10 | C36: Treatment and maintenance of areas surrounding offices | D36: SUM | E36: 1
A38: 11 | B38: 8.3.2.1(c ) | C38: Name board (including posts and erection) | D38: No | E38: 1
A40: 12 | C40: SANS 1200 Standardized Specifications | D40: SUM | E40: 1
C42: FACILITIES FOR CONTRACTOR
A44: 13 | B44: 8.3.2.2 (a) | C44: Offices and storage sheds | D44: SUM | E44: 1
A46: 14 | B46: 8.3.2.2 (b) | C46: Workshops | D46: SUM | E46: 1
A48: 15 | B48: 8.3.2.2 (d) | C48: Living accommodation | D48: SUM | E48: 1
R49: =208000*0.1 -> 20800 | S49: =R49/10 -> 2080
A50: 16 | B50: 8.3.2.2 (e) | C50: Ablution and latrine facilities | D50: SUM | E50: 1
A52: 17 | B52: 8.3.2.2 (f) | C52: Tools and equipment | D52: SUM | E52: 1
A54: 18 | B54: 8.3.2.2 (g) | C54: Water supply, electric power, communications, dealing with water and access | D54: SUM | E54: 1
A56: 19 | B56: 8.3.3 | C56: Provision of safety manager | D56: SUM | E56: 1
A58: 20 | B58: 8.3.4 | C58: Removal of Engineer's and Contractor's site establishment on completion | D58: SUM | E58: 1
C60: HEALTH AND SAFETY
A62: 21 | C62: General costs for Health and Safety (not covered) | D62: SUM | E62: 1
A64: 22 | C64: Risk assessment | D64: SUM | E64: 1
A66: 23 | C66: Health and safety plan | D66: SUM | E66: 1
A68: 24 | C68: Construction safety officer and other appointments | D68: SUM | E68: 1
A70: 25 | C70: Training | D70: SUM | E70: 1
A72: 26 | C72: Medical assessment | D72: SUM | E72: 1
C74: TIME RELATED ITEMS
A76: 27 | B76: 8.4.1 | C76: Contractual requirements | D76: SUM | E76: 1
A78: 28 | B78: 8.4.1 | C78: Surety or bank guarantee | D78: SUM | E78: 1
A80: 29 | B80: 8.4.1 | C80: Third party insurance | D80: SUM | E80: 1
A82: 30 | B82: 8.4.1 | C82: Insurance of construction plant and equipment | D82: SUM | E82: 1
A84: 31 | B84: 8.4.1 | C84: Other (detail………………………………………………………………………) | D84: SUM | E84: 1
C86: OPERATE AND MAINTAIN FACILITIES ON THE SITE FOR ENGINEER FOR THE DURATION OF CONSTRUCTION
A88: 32 | B88: 8.4.2.1 (a) | C88: Engineer's offices and facilities | D88: SUM | E88: 1
A90: 33 | B90: 8.4.2.1 (d) | C90: Survey Instruments | D90: SUM | E90: 1
C92: SERVICES
A94: 34 | B94: 8.4.2.1 (a) | C94: Services for offices and for cooking and facilities on site for the Engineer's staff | D94: SUM | E94: 1
A96: 35 | B96: 8.4.2.1 (d) | C96: Survey assistants | D96: SUM | E96: 1
A98: 36 | C98: Treatment and maintenance of areas surrounding offices | D98: SUM | E98: 1
A100: 37 | B100: 8.4.2.1 (c) | C100: Name board | D100: SUM | E100: 1
C102: FACILITIES FOR CONTRACTOR FOR THE DURATION OF CONSTRUCTION
A104: 38 | B104: 8.4.2.2 (a) | C104: Offices and storage sheds | D104: SUM | E104: 1
A106: 39 | B106: 8.4.2.2 (b) | C106: Workshops | D106: SUM | E106: 1
A108: 40 | B108: 8.4.2.2 (d) | C108: Living accommodation | D108: SUM | E108: 1
A110: 41 | B110: 8.4.2.2 (e) | C110: Ablution and latrine facilities | D110: SUM | E110: 1
A112: 42 | B112: 8.4.2.2 (f) | C112: Tools and equipment | D112: SUM | E112: 1
A114: 43 | B114: 8.4.2.2 (g) | C114: Water supply, electric power, communications, dealing with water and access | D114: SUM | E114: 1
A116: 44 | B116: 8.4.3 | C116: Supervision | D116: SUM | E116: 1
A118: 45 | B118: 8.4.4 | C118: Company and head office overhead costs | D118: SUM | E118: 1
A120: 46 | B120: 8.4.5 | C120: Testing and commissioning of equipment | D120: SUM | E120: 1
C122: TEMPORARY WORKS
C124: EXISTING SERVICES
A126: 47 | B126: 8.8.4 | C126: Excavate by hand to expose existing services (provisional) | D126: m2 | E126: 100
A128: 48 | B128: 8.8.4 | C128: Protection of existing services | D128: SUM | E128: 1
C130: SURVEY AND REFERENCE PEGS
A132: 49 | B132: 8.8.5 | C132: Protect and re-establish all reference pegs and bench marks | D132: SUM | E132: 1
C134: PUBLIC LIAISON OFFICER (Provisional Item)
A136: 50 | C136: Remuneration of public liaison officer for the duration of the contract | D136: Item | E136: 1.00
A138: 51 | C138: Contractor's charges to provisional amount above | D138: % | E138: 15.00
C140: ITEMS NOT MENTIONED
A142: 52 | C142: Should the Contractor wish to price any items mentioned in the General Conditions of Contract, Specifications or Drawings but not specifically mentioned in the Schedule, he should do so hereunder. Full descriptions, quantities, units and rates are to be stated. | D142: Item | E142: 1.00
A144: 53 | C144: Site visits for assessment of equipment | D144: SUM | E144: 1
A146: 54 | C146: Compiling of documentation | D146: SUM | E146: 1
C150: Total amount excluding Value-Added Tax (VAT) to be carried to Summary of Price Schedules

Sheet Schedule B - ENVIRONMENTAL 
G1: ='Schedule A - P&G'!I1 -> RW10395951/21 ( R )
C2: ='Schedule A - P&G'!C2:H2 -> WORK PACKAGE TWO (2) - MODIFY MAINTENANCE T&P STORE WORKS AREA 2 AT ZUIKERBOSCH PUMPING STATION
G4: Schedule B: ENVIRONMENTAL
A6: Item No. | B6: Payment Refers | C6: Description | D6: Unit | E6: Qty | F6: Rate | G6: Total Amount
A11: 4.1 | B11: Envir. Spec | C11: Administration and documentation | D11: Lump sum | E11: 1
A13: 4.2 | B13: Envir. Spec | C13: Pollution prevention | D13: Lump sum | E13: 1
A15: 4.3 | B15: Envir. Spec | C15: Waste disposal provision | D15: Lump sum | E15: 1
A17: 4.4 | B17: Envir. Spec | C17: Environmental control officer | D17: Lump sum | E17: 1
A19: 4.5 | B19: Envir. Spec | C19: Emergency preparedness | D19: Lump sum | E19: 1
A21: 4.6 | B21: Envir. Spec | C21: Demarcation /signage
D22: Lump sum | E22: 1
C23: TOTAL AMOUNT CARRIED OVER FOR ENVIRONMENTAL COMPLIANCES
C26: DETAIL FOR THE SUMMARY LINE ITEM ABOVE
A28: 4.1 | C28: Administration and Documentation
C29: Submission of Environmental File (For approval by Rand Water ECO) | D29: Lump sum | E29: 1
A31: 4.1.1 | C31: Administration preparation of method statement: Preparation and submission of Contractors environmental Management Plan and procedures and method statements. To be review and approval prior to commencement of works by ECO. Method Statement for site clearing will include the following;  Method Statement for establishing the construction camp;  Method Statement with regard to waste and wastewater management;  Method Statement to show procedures for dealing with possible emergencies that can occur, such as fire and accidental leaks and spillage of carbon fuels and oils;  Method Statement for dust control, including water source to be used;  Method Statement for managing storm water during the construction phase;  Method Statement for the storage and handling of hazardous substances;  Method Statement for management of concrete works, including associated washing facilities for equipment and concrete truck drums and shoots;  Method Statement for drainage line diversions;  Method Statement for controlling alien invasive species and noxious weeds;  Method Statement for the decommissioning of the construction works area; and  Method Statement for the waste management system, based on the waste management hierarchy of reduce, re-use, recycle, treatment and disposal.  Method Statement for rehabilitation of construction footprint. | D31: Lump sum | E31: 1
G32: Amount
A33: 4.1.2 | C33: Maintenance of Environmental file and final documentation for submission 1 Permits and licenses 2 EMPr or environmental specification 3 Environmental audit reports 4 Complaints register 5 Agreements with landowners 6 Noncompliance notifications 7 Waste disposal documentation 8 Safety data sheet for all chemicals | D33: Lump sum | E33: 1
A36: 4.2 | C36: Pollution Prevention: The following must be available at the start of construction. Costing to include installation.
C37: Fire protection equipment's. | D37: Lump sum | E37: 1
C39: Waste bins and receptacles that comply with the waste clauses of the EMP (all types of waste to be catered for throughout the working area) | D39: Lump sum | E39: 1
C41: Adequate serviced ablution facilities as per EMP and OHS Act. | D41: Lump sum | E41: 1
C43: Designated eating and smoking areas as per EMP | D43: Lump sum | E43: 1
C45: Water cart/s to adequately provide dust control of whole site (minimum of three times a day) | D45: Lump sum | E45: 1
C47: Spillage kits must in all construction vehicles and with each team and available at a designated site | D47: Lump sum | E47: 1
C49: Cleaning up of oil spillages within the same shift that they are reported | D49: lump sum | E49: 1
C51: Drip trays for all vehicles parked overnight . Oil to be culled out of drip trays on daily basis and recycled. | D51: Lump sum | E51: 1
C53: Bunding facility for hazardous products as per OHS Act | D53: Lump sum | E53: 1
C55: Labelled containers for decanting of liquids. | D55: Lump sum | E55: 1
C57: Sit fencing 50m | D57: Lump sum | E57: 1
C59: Hay bales x 30 | D59: Lump sum | E59: 1
A61: 4.2.1 | C61: Pollution prevention : Site cleaning. This will include daily litter, weeds that come up, and removal of all rubble during and post construction | D61: Lump sum | E61: 1
G62: Amount
A64: 4.3 | C64: Waste Removal to Registered Waste Facility as per EMP/ environmental specification
C67: General waste | D67: Lump sum | E67: 1
C69: Hazardous waste | D69: Lump sum | E69: 1
C71: Recycled waste management | D71: Lump sum | E71: 1
A73: 4.4 | C73: Site Environmental officer (EO) with recognised environmental sciences/management experience ( minimum of 1 year) in managing environmental matters in a construction project/site. | D73: Lump sum | E73: 1
A75: 4.4.1 | C75: Environmental awareness of all employees as well as inductions for all people coming on site. This must include administrative functions involved for this task | D75: Lump sum | E75: 1
A77: 4.5 | C77: Emergency preparedness plan to include the resources for the following possible eventualities: Archaeologist services should items of heritage be uncovered, removal of bees, or snakes, reuse of fauna affected by construction. Major Hazardous chemical spillages that require clean up | D77: Lump sum | E77: 1
C82: Demarcated Areas
A83: 4.6
C84: Barricading the demarcation of edge of the working area | D84: Lump sum
C85: Fire fighting equipment | D85: Lump sum | E85: 1
C86: Spillage kit | D86: Lump sum | E86: 1
C87: Designated eating and | D87: Lump sum | E87: 1
C88: Smoking areas | D88: Lump sum | E88: 1
C89: Waste container with lid - General waste | D89: Lump sum | E89: 1
C90: Waste container with lid - Hazardous waste waste | D90: Lump sum | E90: 1
C91: Waste container with lid - Recycling oil | D91: Lump sum | E91: 1
C92: Waste container with lid- Recycling | D92: Lump sum | E92: 1
C93: Labelled containers for decanting of liquids. | D93: Lump sum | E93: 1
A99: SECTION 1 SUMMARY
A100: No | B100: Payment refers | C100: Description
A102: 1 | C102: Alterations
C104: Total amount excluding Value-Added Tax (VAT) to be carried to Summary of Price Schedules

Sheet Schedule C - H&S
G1: ='Schedule A - P&G'!I1 -> RW10395951/21 ( R )
C2: TENDER FOR THE DESIGN, NEW TOOL & PLANT MAINTENANCE BUILDING AT WORKS AREA 2 AT ZUIKERBOSCH SITE.
G4: Schedule C: H&S
A7: Item No. | B7: SAM SHE Spec Clause | C7: Description | D7: Unit | E7: Qty | F7: Rate | G7: Total Amount
C9: OCCUPATIONAL HEALTH AND SAFETY
A11: C.01 | B11: 2.4 & 2.5. | C11: Preparation of the Contractor's site specific Health and Safety Plan | D11: lump sum
A13: C.02 | B13: 3.2 | C13: Principal Contractor's initial obligations in respect of the Occupational Health and Safety Act and Construction Regulations | D13: lump sum
A15: C.03 | B15: 4 | C15: Principal Contractor's time related obligations in respect of the Occupational Health and Safety Act and Construction Regulations | D15: month
A17: C.04 | B17: 10.d | C17: Provision of Personal Protective Equipment (PPE) | D17: month
A19: C.05 | B19: 3.2.1 | C19: Provision of a full-time Construction Health and Safety Officer | D19: month
A21: C.06 | B21: 15 | C21: Cost of medical certificates and medical surveillance
B23: 15 | C23: (a) Initial (baseline) medical examinations | D23: lump sum
B25: 15 | C25: (b) Periodic examinations | D25: lump sum
B27: 15 | C27: (c)Exit examinations | D27: lump sum
A29: C.07 | B29: 9.3 | C29: Induction training | D29: lump sum
A31: C.08 | B31: 16 | C31: Provision of First Aid Boxes to GSR requirements and other emergency safety equipment such as fire extinguishers. | D31: lump sum
A33: C.09 | B33: 24 C09 | C33: Transportation of Workers | D33: lump sum
A35: C.10 | B35: 11 | C35: Welfare Facilities | D35: lump sum
A37: C.11 | B37: 14 | C37: Occupational Hygiene Surveys | D37: lump sum
A39: C.12 | B39: 10 | C39: Training | D39: lump sum
A41: C.13 | B41: 12 | C41: Security requirements including the security risk assessment (before site establishment) | D41: lump sum
A43: C.14 | B43: 24 C14, 7 | C43: Employee wellness programs | D43: lump sum
A45: C.15 | B45: 7 | C45: Drug and Alcohol Testing, Policies and Procedures | D45: lump sum
A47: C.16 | B47: Part B 10 k | C47: Barricading | D47: lump sum
A49: C.17 | B49: Part B 10 a | C49: Safety notices and signs | D49: lump sum
A51: C.18 | B51: 8 | C51: SHE Incentives | D51: lump sum
A53: C.19 | B53: 3.2.1 & 5C | C53: COVID-19 Prevention and Management
A55: C.19.1 | C55: Preparation of the Contractor's site specific COVID Plan & Risk Assessment including the recording & reporting of COVID statistics | D55: lump sum
A57: C.19.2 | C57: COVID-19 related training and education | D57: lump sum
A59: C.19.3 | C59: Non-Contact Digital Thermometer/calibrated | D59: lump sum
A61: C.19.4 | C61: Foot Operated hand sanitiser stand ( adjustable for variuos bottles types - preferable the stand with signage " sanitise hands here" and 'Arrow " by the foot). At entrance points to site camps and construction sites and at the works area | D61: lump sum
A63: C.19.5 | C63: Hand Sanitiser Dispenser 600 ml ( Wall mounted) - Automatic sensor (no touch) - suitable for liquid and gel sanitiser. At hot spots namely kitchen, ablution,by shared office equipment boardrooms etc. | D63: lump sum
A65: C.19.6 | C65: Hand Soap Dispenser 600 ml ( Wall mounted) - Automatic sensor (no touch). For the kitchen. | D65: lump sum
A67: C.19.7 | C67: Empty Sanitiser spray bottles ( 500ml ) | D67: lump sum
A69: C.19.8 | C69: Water Container with Tap ( 25 Litre) | D69: lump sum
A71: C.19.9 | C71: Bio-hazard bin for Covid-19 waste ( 100 L) | D71: lump sum
A73: C.19.10 | C73: Provision of no touch/pedal refuse bins ( 50 L) for kitchen, dining rooms, & boardrooms | D73: lump sum
A75: C.19.11 | C75: Prefab Isolation Room near site camp entrance | D75: lump sum
A77: C.19.12 | C77: Face Shield for screeners/tester(s) | D77: lump sum
... A105: C.19.26 | C105: Biological waste Skip Disposal | D105: Monthly
A107: C.20 | B107: Part B 10n,6.6 | C107: Adequate ventilation and lighting during construction | D107: lump sum
A109: C.21 | B109: 2.9 | C109: Submission of the Health and Safety File (hard and soft copies) | D109: lump sum
C114: Schedule C Carried Forward
C118: Schedule C Brought Forward to Summary

Sheet Schedule D -  QUALITY
G1: ='Schedule A - P&G'!I1 -> RW10395951/21 ( R )
C2: ='Schedule A - P&G'!C2:H2 -> WORK PACKAGE TWO (2) - MODIFY MAINTENANCE T&P STORE WORKS AREA 2 AT ZUIKERBOSCH PUMPING STATION
G4: Schedule D: QUALITY
A6: Item No. | B6: Payment Refers | C6: Description | D6: Unit | E6: Qty | F6: Rate | G6: Total Amount
A9: D.1 | C9: Preparation and submission of Contractors Quality Management Plan (CQMP), for review and approval prior to commencement of works | D9: lump sum | E9: 1
A11: D.2 | C11: Provision of Qualified Quality Officer ( The contractor shall provide RW with relevant to the scope of work qualified Quality Officer ) | D11: Month | E11: Contract Duration
A13: D.3 | C13: Maintenance of documents and final documentation for submission - Provision of Document controller | D13: Month | E13: Contract Duration
A15: D.4 | C15: Provision of Quality Officers relevant training ( The contractor to provide related training for the quality officer ) | D15: Rate | E15: 1
A17: D.5 | C17: Provision of Compliance Audits ( The contractor to audit the project once a year for the duration of the project ) | D17: Rate | E17: Quartely for the duration of contract
A19: D.6 | C19: Testing Equipment calibration ( The testing Equipments should be calibrated as per the manual ) | D19: Rate | E19: Annually
A21: D.7 | C21: Provision of any other testing and inspections requested by the Engineer | D21: Lump sum | E21: 1
A35: SECTION 2 SUMMARY
A36: No | B36: Payment refers | C36: Description | G36: Amount
C41: Total amount excluding Value-Added Tax (VAT) to be carried to Summary of Price Schedules

Sheet SCHEDULE E - Architectural
G1: ='Schedule D - QUALITY'!G1 -> RW10395951/21 ( R )
C2: ='Schedule D - QUALITY'!C2:F3 -> WORK PACKAGE TWO (2) - MODIFY MAINTENANCE T&P STORE WORKS AREA 2 AT ZUIKERBOSCH PUMPING STATION
G3: Schedule E: Architecture
A5: Item No. | B5: Payment Refers | C5: Description | D5: Unit | E5: Qty | F5: Rate | G5: Total Amount
C8: SCHEDULE D: ARCHITECTURE
C10: BILL No. 1
C12: ALTERATIONS(PROVISIONAL)
C14: PREAMBLES
C16: For Preambles refer to 'Standard Preambles to All Trades'
C18: REMOVAL OF EXISTING WORK
C20: Take out and remove doors or windows including thresholds,cills,etc and build up openings in brickwork including making good where necessary
A23: D1.1 | C23: Take out and remove existing timber double doors | D23: No | E23: 1
A25: D1.2 | C25: Take out and remove existing timber single door | D25: No | E25: 1
A27: D1.3 | C27: Take out and remove existing steel double door frame | D27: No | E27: 1
A29: D1.4 | C29: Take out and remove existing steel single door frame | D29: No | E29: 1
A31: D1.5 | C31: Brick up double door opening with 230mm facebrick "Blue Barley Travertine" | D31: m2 | E31: 3
A33: D1.6 | C33: Remove existing manual operated roller shutter door | D33: No | E33: 1
C36: TOTAL ALTERATIONS: TO SECTION D SUMMARY
C40: BILL No. 2
C42: MASONRY
C44: BRICKWORK
C46: SUPPLEMENTARY PREAMBLES
C48: Sizes in descriptions
C50: Where sizes in descriptions are given in brick units, "one brick"
C51: shall represent the length and "half brick" the width of a brick
C53: Hollow walls etc
C55: Descriptions of hollow walls shall be deemed to include leaving
C56: every fifth perpend of the bottom course of the external skin
C57: open as a weep hole.
... C77: Brickwork of NFP bricks in class II mortar
A79: D2.1 | C79: 110mm Brick walls | D79: m2 | E79: 19
C81: BRICKWORK SUNDRIES
C83: Brickwork reinforcement
A85: D2.2 | C85: 75mm Wide reinforcement built in horizontally | D85: m | E85: =5*19 -> 95
C88: TOTAL MASONRY : SECT D SUMMARY
C93: BILL No. 3
C95: CARPENTRY AND JOINERY
C97: SUPPLEMENTARY PREAMBLES
C99: Particle board:
C101: Particle board shall comply with the following specifications:
C103: a) SABS 1300 Particle board: exterior and flooring type
C105: b) SABS 1301 Particle board: interior type
C107: Joinery:
C109: Descriptions of frames shall be deemed to include frames,
C110: transomes, mullions, rails, etc
C112: Descriptions of hardwood joinery shall be deemed to include
... C123: shall be butt jointed at junctions with adjacent similar finish
A126: D3.1 | C126: Hollow core flush panel masonite door hung to steel frames
A128: D3.2 | C128: 40mm Door 832 x 2032mm high | D128: No | E128: 2
C130: KITCHEN CUPBOARDS AS PER DRAWING
C131: RA29398/001
A133: D3.3 | C133: Floor unit "Code F1200" size 1200 x 600 x 1200mm high, including | D133: No | E133: 1
C134: 16mm melamine clad chipboard carcass ,doors and counter
C135: tops made up of 32mm thick post formed melamine clad
C136: chipboard with a shelf and 2 x doors with standard handles
A139: D3.4 | C139: Floor unit "Code F600" ,Size 600 x 600 x 900mm including a | D139: No | E139: 1
C140: shelf as per drawing
C143: TOTAL CARPENTRY & JOINERY : SECT D SUMMARY
C146: BILL No. 4
C148: CEILINGS, PARTITIONS AND ACCESS FLOORING
C150: SUPPLEMENTARY PREAMBLES
C152: Descriptions:
C154: Items described as "nailed" shall be deemed to be fixed with
C155: hardened steel nails or pins or shot pinned to brickwork or
C156: concrete
C158: Items described as "plugged" shall be deemed to include
C159: screwing to fibre, plastic or metal plugs at not exceeding
C160: 600mm centres, and where described as "bolted" the bolts
... C165: Suspended ceiling
A167: D4.1 | C167: 25mm Kulite aff/acquired 1195 x 595mm ceiling boards
C168: laid in a patented pre-painted exposed T-section suspended
C169: ceiling grid
A171: D4.2 | C171: Ceilings suspended not exceeding 1m below timber purlins | D171: m2 | E171: 40
A174: D4.3 | C174: 6mm "Everite" nutec ceilingboard
C175: Ceilings including 38 x 50mm sawn softwood brandering at | D175: m2 | E175: 100
C176: 600mm centres
C179: TOTAL CEILINGS AND PARTITIONS : TO SECT D SUMMARY
C181: BILL No. 5
C183: IRONMONGERY
C185: SUPPLEMENTARY PREAMBLES
C187: Finishes to ironmongery
C189: Where applicable finishes to ironmongery are indicated by
C190: suffixes in accordance with the following list:
C192: BS Satin bronze lacquered CH Chromium plated
C194: SC Satin chromium plated
C196: SE Silver enamelled
C198: GE Grey enamelled
... C216: HINGES, BOLTS, ETC
A220: D5.1 | C220: 1000 x 400mm new bronze awning as per manufacturers details and specifications | D220: No | E220: =1+1 -> 2
A223: D5.2 | C223: "Code 8352-100SN aluminium reflex hinge 100mm anodised | D223: No | E223: 2
A225: D5.3 | C225: "Code 5213BBSS 350mm pull handle BTB | D225: No | E225: 2
C227: LOCKS
C229: "Union"
A232: D5.4 | C232: "Code CB612-24C,2295-76SS protea two lever mortice lock | D232: No | E232: 2
C235: SUNDRIES
C237: Door stop
A238: D5.5 | C238: "Code CZ8731CH floor mounted door stop | D238: No | E238: 2
C240: BATHROOM FITTINGS
C242: Kimberley Clark or other approved
A244: D5.7 | C244: 2 x Toilet roll, lockable and vandal proof and screwed to wall | D244: No | E244: 2
...

Sheet Schedule F - BW Section 1
G1: ='Schedule A - P&G'!I1 -> RW10395951/21 ( R )
C2: ='Schedule A - P&G'!C2:I2 -> WORK PACKAGE TWO (2) - MODIFY MAINTENANCE T&P STORE WORKS AREA 2 AT ZUIKERBOSCH PUMPING STATION
G4: Schedule F: Building Works Section 1
A6: Item No. | B6: Payment Refers | C6: Description | D6: Unit | E6: Qty | F6: Rate | G6: Total Amount
C9: BUILDING WORKS
C11: SECTION ONE - FOUNDATIONS
C13: BILL NO. 1
C15: EARTHWORKS
C17: The Contractor must read each description throughout this bills of quantities in conjunction with and in the context of the obligations, requirements and specifications stated in the descriptions, the Model Preambles for Trades (2008 Edition) and any supplementary Preambles to the Model Preambles forming part of these Bills of Quantities No claim arising from brevity of description of items fully described in the said Model Preambles for Trades or Supplementary Preambles to Model Preambles will be granted _____________________________________________________
C19: NOTES
C21: Working space
C23: No working space has been measured nor will any claim for working space be considered. The Contractor is deemed to have provided for working space in the rates of the affected items
C25: Carting away of surplus excavated material
C27: Note that the carting away of excavated material is measured as a separate item, unless specifically stated otherwise. Descriptions of carting away of excavated material shall be deemed to include loading excavated material onto trucks, etc., directly from the excavations or, alternatively, from stock piles situated on the building site. The material shall be carted away to a dumping site to be located by the contractor. All dumping costs related to such carting away shall be deemed to be included in the rates for the cart away items
C29: Dust control
C31: The Contractor shall take all necessary and reasonable measures to acceptably control all dust associated with the works which shall include for watering down at least twice a day for the duration of the contract, if so required
B33: SANS 1200D | C33: EXCAVATIONS, FILLING, ETC
B35: 8.3.2 | C35: Excavate in pickable material not exceeding 2m deep below reduced or natural ground level and set aside for use as filling (backfilling elsewhere)
A37: 1 | C37: Excavate under building footprint and apron | D37: m3 | E37: 140
B40: 8.3.2 | C40: Extra over all excavations in pickable material for
A42: 2 | C42: Soft rock | D42: m3 | E42: 10
A44: 3 | C44: Hard rock | D44: m3 | E44: 5
B46: 8.3.2 | C46: Disposal of excavated material
A48: 4 | C48: Extra over all excavations for loading and carting away surplus excavated material from the site and dumping at a dumping ground to be located by the Contractor (Excavated volume measured - no allowance made for bulking) | D48: m3 | E48: 140
C50: Keeping works free of water
A52: 5 | C52: Allow for the baling, pumping or otherwise in keeping the works free from all water or mud | D52: Item | E52: 1
C54: EARTH FILLING, ETC.
B56: 8.3.4 | C56: Selected G6 filling material supplied by the contractor and carted onto site, consolidated in 150mm thick layers and compacted to As Shown Mod. AASHTO maximum density
A58: 6 | C58: Under Building footprint and Apron | D58: m3 | E58: 110
C60: Compaction of surfaces
A62: 7 | C62: Rip and scarify top of filled or excavated surfaces for a depth of 150mm, break down or remove oversize material, add suitable material where required and recompact to 90% Mod AASHTO density | D62: m2 | E62: 190
C64: Additional soil tests to be carried out as directed by the Principal Agent
C66: Note: Prices for soil tests must be included in the Contractor's rates for earthworks items
A68: 8 | C68: Modified AASHTO Density tests | D68: No | E68: 5
C70: SOIL POISONING
C72: "Rentokil" or similar approved treatment
A74: 9 | C74: Under floors etc including forming and poisoning shallow furrows against foundation walls etc, filling in furrows and ramming | D74: m2 | E74: 190
A76: 10 | C76: Sides and bottom of trenches and holes | D76: m2 | E76: 40
C81: CONCRETE, FORMWORK AND REINFORCEMENT
C83: The Contractor must read each description throughout this bills of quantities in conjunction with and in the context of the obligations, requirements and specifications stated in the descriptions, the Model Preambles for Trades (2008 Edition) and any supplementary Preambles to the Model Preambles forming part of these Bills of Quantities No claim arising from brevity of description of items fully described in the said Model Preambles for Trades or Supplementary Preambles to Model Preambles will be granted _____________________________________________________
C85: CONCRETE GENERALLY
C87: The thickness of all concrete surface beds shown on the drawings are minimum thicknesses excluding any finishes (unless otherwise stated) The Contractor is solely responsible for checking the levels of the top of the filling below the surface beds and all other levels relating to concrete, before any concrete is cast, so as to ensure that the thicknesses and the top levels decribed above can be achieved. The cost of any extra concrete or filling required to fill in hollows in filling, or trimming of the top of filling to reduce the levels to achieve the minimum thicknesses and levels of the concrete shown on the drawings, shall be for the Contractor' account
C89: All concrete prices to include for all necessary tests as required by SABS 1200
C91: COSTS OF TESTS
C93: The costs of making, storing and testing of concrete test cubes as required under clause 7 "Tests" of SABS 1200 G shall include the cost of providing cube moulds necessary for the purpose, for testing costs and for submitting reports on the tests to the architect. The testing shall be undertaken by an independent firm or institution nominated by the contractor to the approval of the architect. (Test cubes are measured separately)
C95: Breeze concrete shall consist of twelve parts clean dry furnace ash, free from coal or other foreign matter, to one part cement (12:1), the ash graded up to particles which will pass a 16,5mm ring from a minimum which fails to pass a 4,75mm mesh. The finer materials from the screening are to be first mixed with the cement into a mortar and the ash added afterwards and thoroughly incorporated
C97: FORMWORK
C99: Description of formwork shall be deemed to include use and waste only (except where described as "left in" or "permanent"), for fitting together in the required forms, wedging, plumbing and fixing to true angles and surfaces as necessary to ensure easy release during stripping and for reconditioning as necessary before re-use
C101: The vertical strutting shall be carried down to such construction as is sufficiently strong to afford the required support without damage and shall remain in position until the newly constructed work is able to support itself.
C103: Formworks to soffits of solid slabs etc., shall be deemed to be slabs not exceeding 250mm thick unless otherwise described
... C107: UNREINFORCED CONCRETE
B109: 8.4.2 | C109: 15Mpa/19mm Concrete
A111: 11 | C111: Surface blinding under building footprint and apron | D111: m3 | E111: =180*0.05 -> 9
C113: REINFORCED CONCRETE CAST AGAINST EXCAVATED SURFACES
B115: 8.4.1 | C115: 25MPa/19mm Concrete
A117: 12 | C117: Raft Foundation | D117: m3 | E117: 40
A119: 13 | C119: Aprons | D119: m3 | E119: 9
B121: 7.3 | C121: TEST BLOCKS
A123: 14 | C123: Allow for all necessary concrete test cubes size 150 x 150 x 150mm cast from batches of concrete required for the entire contract as specified, made, stored, cured ans tested in accordance with SABS Methodes 861 and 863, including use of approved testing laboratory for testing, paying all charges and submitting reports to Principal Agent | D123: Item | E123: 1
C125: CONCRETE SUNDRIES
B127: 8.4.4 | C127: Finishing top surfaces of concrete smooth with a power float
A129: 15 | C129: Raft Foundation | D129: m2 | E129: 120
A131: 16 | C131: Aprons | D131: m2 | E131: 70
B134: 8.2.1 | C134: ROUGH FORMWORK
C136: Rough formwork to sides
A138: 17 | C138: For Wall indent on raft foundation | D138: m2 | E138: 35
B141: 8.3 | C141: REINFORCEMENT
B143: 8.3.1 | C143: Mild steel rod reinforcement to structural concrete work (Note: the following item has not been separated into various diameters and this principle will apply when remeasuring the item)
A145: 18 | C145: Various diameter rods | D145: kg | E145: 10
B147: 8.3.1 | C147: High tensile steel rod reinforcement to structural concrete work (Note: the following item has not been separated into various diameters and this principle will apply when remeasuring the item)
A149: 19 | C149: Various diameter rods | D149: kg | E149: 1889
B151: 8.3.2 | C151: Fabric reinforcement
A153: 20 | C153: Type 395 fabric reinforcement in concrete surface beds, slabs, etc | D153: m2 | E153: 65
C155: ROOFING
C157: Timber Truss Roof
A159: 21 | C159: Supply and Install timber truss roof as per dimensions shown. Truss to comply with SANS 10400 Part L and relevant SANS code. Certificate of compliance to be forwarded to the Engineer for approval | D159: Sum | E159: 1
C161: SUMMARY SECTION 1
A163: 1 | C163: Earthworks
A165: 2 | C165: Concrete, Formwork and Reinforcement
A167: 3 | C167: Roofing
C170: Total amount excluding Value-Added Tax (VAT) to be carried to Summary of Price Schedules | G170: =SUM(G37:G159) -> 0

Sheet Schedule G - BW Section 2 
H1: ='Schedule A - P&G'!I1 -> RW10395951/21 ( R )
C2: ='Schedule A - P&G'!C2:I2 -> WORK PACKAGE TWO (2) - MODIFY MAINTENANCE T&P STORE WORKS AREA 2 AT ZUIKERBOSCH PUMPING STATION
I4: Schedule G: Building works Section 2
A6: Item No. | B6: Payment Refers | C6: Description | D6: Unit | E6: Qty | H6: Rate | I6: Total Amount
C9: BUILDING WORKS
C11: SECTION TWO - EXTERNAL WORKS
C13: BILL NO. 2
C15: BULK EARTHWORKS
C17: PREAMBLES
C19: EARTHWORKS
C21: Nature of ground
C23: Descriptions of excavations shall be deemed to include all ground conditions other than "Hard Rock".
C25: "Hard Rock" shall mean granite, quartzitic sandstone or other rock of similar hardness which, in the Engineers opinion, requires drilling, wedging and splitting or the use of explosives etc.
C27: All excavation volumes are measured nett - no allowance made for bulking
C29: Site Inspection
C31: The Tenderers must visit the site on their own accord and acquaint themselves fully as to the conditions on site as no claims in this regard will be entertained.
... C39: Site clearance
B40: SANS 1200C
A41: 1 | B41: 8.2.1 | C41: Stripping average 150mm thick layer of top soil and stockpiling on site | D41: m2 | E41: 430
B43: SANS 1200D | C43: BULK EXCAVATION, FILLING, ETC
B45: 8.3.2 | C45: Excavation in earth for parking area
A47: 2 | C47: Not exceeding 2m | D47: m3 | E47: =0.4*170 -> 68
B49: 8.3.3 (b) | C49: Extra over bulk excavation in earth for excavation in
A51: 3 | C51: Soft rock | D51: m3 | E51: 10
A53: 4 | C53: Hard rock | D53: m3 | E53: 5
B55: 8.3.3 (b) | C55: Extra over all excavations for carting away
A57: 5 | C57: Surplus material from excavations and/or stock piles on site to a dumping site to be located by the contractor | D57: m3 | E57: 70
C59: Keeping excavations free of water
A61: 6 | C61: Keeping excavations free of all water other than subterranean water | D61: Item | E61: 1
C63: COMPACTION OF SURFACES
A65: 7 | C65: Rip, scarifying for a depth of 150mm and grading natural or made-up surfaces of ground including breaking down or removing oversize material, forming to correct lines, curves, grades and cambers and compacting to 93% Modified AASHTO density by watering and rolling. | D65: m2 | E65: 170
C67: CONSTRUCTION OF SUBBASE LAYERS
B69: SANS1200ME | C69: All filling whether obtained from the excavations or by the Contractor must be approved by the Engineer.
B71: 8.3.3 | C71: Imported filling in selected material (G5) supplied by the contractor spread, levelled, watered, consolidated and compacted to As Shown Modified AASHTO density in 150mm thick layers.
A73: 8 | C73: Under Paved Area | D73: m3 | E73: 55
B76: 8.3.3 | C76: Bedding Sand
A78: 9 | C78: Under Paved Area | D78: m3 | E78: 5
C81: PRESCRIBED DENSITY TESTS ON FILLING
C83: Prescribed density tests on filling
A85: 10 | C85: Allow for Modified AASHTO Density tests as specified by the Consulting Engineer. | D85: No | E85: 5
A87: 11 | C87: Allow for Road Indicator tests as specified by the Consulting Engineer. | D87: No | E87: 5
A89: 12 | C89: Allow for "Field Density" tests including "Optimum Moisture Content" (Four readings per test) as specified by the Consulting Engineer. | D89: No | E89: 5
A91: 13 | C91: Allow for "Natural California Bearing Ratio" tests as specified by the Consulting Engineer. | D91: No | E91: 5
A93: 14 | C93: Allow for Calibrate troxler with sand replacement method tests as specified by the Consulting Engineer. | D93: No | E93: 5
B95: SANS1200MJ | C95: SEGMENTED PAVING
A97: 15 | B97: 8.2.2 | C97: Construction of 80mm Paving Blocks | D97: m2 | E97: 170
A99: 16 | B99: 8.2.1 | C99: Provision of edge restraint | D99: m | E99: 60
C102: SUMMARY SECTION 2
A104: 1 | C104: External works
C106: Total amount excluding Value-Added Tax (VAT) to be carried to Summary of Price Schedules

Sheet SCHEDULE H - Electrical
H1: ='Schedule A - P&G'!I1 -> RW10395951/21 ( R )
B2: WORK PACKAGE TWO (2) - MODIFY MAINTENANCE T&P STORE WORKS AREA 2 AT ZUIKERBOSCH PUMPING STATION
H5: Schedule H: ELECTRICAL
A6: ITEM | B6: DESCRIPTION | C6: UNIT | D6: QTY | E6: DESIGN RATE | F6: MANUFACTURE, TEST, DELIVER AND OFF LOAD RATE | G6: INSTALLATION, COMMISSIONING AND PUTTING INTO SERVICE RATE | H6: TOTAL AMOUNT R
B7: Electrical Equipment and Works. Contractor to review all documentation, drawings and drawing legends in order to provide pricing. Contractor shall ensure all equipment and works required for a complete and working installation are allowed for in the pricing schedule
A8: 1 | B8: Alterations to the existing T&P store. Drawings RA 17183 Sheet 005 to 011 Rev 0.A
A9: 1.1 | B9: Provision for the detailed designs for approval by Rand Water based on the functional designs . | C9: 1 | D9: Sum
A10: 1.2 | B10: Provide for decommissioning and making safe of relevant items and circuits referenced as part of Rev 0.A changes | C10: 1 | D10: Sum
A11: 1.3 | B11: Provide for a complete small power and lighting installation as indicated on the Rev 0.A drawings complete with changes in the distribution board | C11: 1 | D11: Sum
A12: 1.4 | B12: Provide for an Electrical Certificate of Compliance for the alterations done | C12: 1 | D12: Sum
A13: 1.5 | B13: Provide for as built drawings in hard and soft copies | C13: 1 | D13: Sum
A14: 1.6 | B14: Provide the details of any additional items not specifically mentioned, that might be required for a complete and working installation. If no details are provided below, any additional items required to complete the works shall be supplied, installed and commissioned at the contractors' cost. No further claims shall be allowed on this item. | C14: 1 | D14: Lot
B15: 1
B16: 2
B17: 3
B18: 4
B19: 5
A21: 2 | B21: New Storage Building. Drawing RA39705 sheet 001 and 002 Rev A
A22: 2.1 | B22: Provision for the detailed designs for approval by Rand Water based on the functional designs . | C22: 1 | D22: Sum
A23: 2.2 | B23: Provide for the 16mm² x 3 core PVC armoured copper power supply cable between the existing SP&L DB 01 and the new SP&L DB 02 complete with all terminations, glands and PVC shrouds | C23: 120 | D23: Sum
A24: 2.3 | B24: Provide for soft soil excavations, back filling and compaction for the new supply cable as per Rand Water specifications complete with sifted soil bedding | C24: 40 | D24: M
A25: 2.4 | B25: Provide for two concrete cable markers complete with aluminium engraved plate indicating the cable size, voltage and direction. To be installed between man hole no.3 and the new SP&L DB 02 | C25: 2 | D25: Each
A26: 2.5 | B26: Provide for 110mm PVC sleeves at the existing gate crossing complete with blanks and sealing system after installation of cables | C26: 2 | D26: Each
A27: 2.6 | B27: Provision for a small power and lighting distribution board complete with all equipment as indicated on the single line diagram | C27: 1 | D27: Sum
A28: 2.7 | B28: Provide for a complete small power and lighting installation as indicated on the Rev A drawings | C28: 1 | D28: Sum
A29: 2.8 | B29: Provide for an Electrical Certificate of Compliance for the new installation | C29: 1 | D29: Sum
A30: 2.9 | B30: Provide for as built drawings in hard and soft copies | C30: 1 | D30: Sum
A31: 2.1 | B31: Provide the details of any additional items not specifically mentioned, that might be required for a complete and working installation. If no details are provided below, any additional items required to complete the works shall be supplied, installed and commissioned at the contractors' cost. No further claims shall be allowed on this item. | C31: 1 | D31: Lot
B32: 1
B33: 2
B34: 3
B35: 4
B36: 5
B37: Total Carried Forward to Summary

Sheet SCHEDULE I - SED
G1: ='Schedule A - P&G'!I1 -> RW10395951/21 ( R )
C2: ='Schedule A - P&G'!C2:H2 -> WORK PACKAGE TWO (2) - MODIFY MAINTENANCE T&P STORE WORKS AREA 2 AT ZUIKERBOSCH PUMPING STATION
G4: SCHEDULE I: SED
A5: Item | C5: Description | D5: Unit | E5: Qty | F5: Rate (B) | G5: Total A*B
A6: No. | B6: PAYMENT REFERS
C9: SCHEDULE I : SOCIO ECONOMIC DEVELOPMENT
A11: I.1 | C11: SKILLS DEVELOPMENT PROGRAM
A13: I.1.1 | C13: Accredited training programmes are targeted which will provide the beneficiaries with significant and recognized credit value in accordance with the National Qualification Framework (NQF) (2,5% of Project Value - Sub Total A) | D13: Sum | F13: 0.025
A15: I.1.2 | C15: Contractors mark-up on Item I.1.1 above | D15: % | F15: 0.1
A17: I.2 | C17: SOCIAL RESPONSIBILITY PROGRAM
A19: I.2.1 | C19: Social Responsibility programs aimed at community development (1% of Project Value - Sub Total A) | D19: Sum | F19: 0.01
A21: I.2.2 | C21: Contractors mark-up on Item I.2.1 above | D21: % | F21: 0.1
A23: I.3 | C23: SOCIAL FACILITATION (COMMUNITY LIASON OFFICER)
A25: I.3.1 | C25: Community Liason Officer. A key component in aiding the realisation of the SED objectives is effective community liaison with all the relevant role-players, structures, civic organisations and the community at large. | D25: Sum | F25: 0.005
A27: I.3.2 | C27: Contractors mark-up on Item I.3.1 above | D27: % | F27: 0.1
A29: I.4 | C29: SED ADMINISTRATION
A31: I.4.1 | C31: Labour Management Services (1% of Project Value - Sub Total A) | D31: Sum | F31: 0.01
A33: I.4.2 | C33: Contractors mark-up on Item I.4.1 above | D33: % | F33: 0.1
A36: I.5 | C36: PARTICIPATION OF LOCAL ENTERPRICES
A38: I.5.1 | C38: Work Allocated to Local Enterprises (Inclusive of P&G's and SHEQ) (Minimum 5% of Project Value) (Sub-Total A) | D38: Sum | G38: Rate Only
A40: I.5.2 | C40: Contractors mark-up on Item I.5.1 above | D40: % | F40: 0.1
A42: Section Total Amount Carried Forward To Summary

Sheet WP2 Summary Of Price Schedules
A1: ='Schedule A - P&G'!A1 -> 0 | C1: ='Schedule A - P&G'!I1 -> RW10395951/21 ( R )
A2: ='Schedule A - P&G'!A2 -> 0 | B2: WORK PACKAGE TWO (2) - MODIFY MAINTENANCE T&P STORE WORKS AREA 2 AT ZUIKERBOSCH PUMPING STATION
A3: ='Schedule A - P&G'!A4 -> 0 | G3: ='Schedule A - P&G'!I4 -> Schedule A: P&G
A5: SUMMARY OF PRICE SCHEDULES
A7: SCHEDULE | B7: DESCRIPTION | C7: AMOUNT
A10: A | B10: Preliminary and General | D10: =20%*SUM(C11:C15) -> 0
A11: B | B11: Environmental | C11: ='Schedule F - BW Section 1'!G170 -> 0
A12: C | B12: SHEQ | C12: ='Schedule G - BW Section 2 '!I106 -> 0
A13: D | B13: Quality | C13: ='SCHEDULE E - Architectural'!G761+'SCHEDULE E - Architectural'!G1069 -> 0
A14: E | B14: Architectural | C14: ='SCHEDULE H - Electrical'!H37 -> 0
A15: F | B15: Building works section 1: Foundations
A16: G | B16: Building works section 2: External Works | C16: ='SCHEDULE I - SED'!G42 -> 0
A17: H | B17: Electrical
D18: =C18 -> 0
B29: SUB TOTAL A
A30: I | B30: SED
B31: SUB TOTAL B WP2 SUMMARY OF PRICE SCHEDULES

Sheet Mechanical
